AoeStats
← Booming I Promise

Pilgrims

509258095Analyzed
2v2 RM · 5d ago on Sep 26, 2026· 25m 9s· 4 players
Game mode
Random Map
Map size
Medium (4 player)
Population
200
Speed
Normal
Resources
Standard
Victory
Conquest
Starting age
Dark Age
Ending age
Imperial Age
RankedLock teamsTeams togetherTeam positionsShared explorationLock speedFull tech treeHidden civsTurbo modeCheats
Victory
Defeat
🇺🇸 Danes · United States
1055
+17
🇺🇸 Varangians · United States
1044
+18
🇺🇸 Vietnamese · United States
1084
-17
🇺🇸 Magyars · United States
1084
-18
RustBuckets
11:21 Loom
13:18 Feudal Age
14:10 Double-Bit Axe
16:22 Forging
19:26 Castle Age
17:57 Fletching
18:53 Fishing Lines
19:24 Scale Mail Armor
19:11 Arson
19:19 Stone Mining
20:55 Bodkin Arrow
22:16 Medium Warships
23:41 Chain Mail Armor
24:02 Squires
24:49 Iron Casting
23:58 Elite Skirmisher
Alexander The Average
3:42 Loom
4:39 Loom
10:34 Feudal Age
15:26 Double-Bit Axe
18:48 Castle Age
19:30 Wheelbarrow
18:41 Town Watch
19:11 Scale Barding Armor
19:19 Bloodlines
19:56 Husbandry
23:05 Forging
Booming I Promise
11:28 Feudal Age
14:38 Gold Mining
14:45 Double-Bit Axe
14:48 Horse Collar
18:00 Fletching
21:07 Castle Age
19:46 Padded Archer Armor
24:25 Crossbowman
Harvtown
10:18 Feudal Age
9:16 Loom
11:07 Double-Bit Axe
11:16 Fishing Lines
16:00 Fletching
16:11 Padded Archer Armor
16:23 Horse Collar
21:19 Castle Age
21:33 Crossbowman
22:11 Bodkin Arrow
Connection lost

Rejoining the realm…

Still unreachable

The connection could not be restored.

Session expired

The server has moved on; the page needs a fresh start.